 Dungeon Crawl Stone Soup version 0.24-a0-584-g9d6b971ae4 (webtiles) character file.

Game seed: 12928231144253438878, levelgen mode: deterministic

45 Arang the Stinger (level 3, 0/22 HPs)
             Began as an Octopode Venom Mage on Sept 5, 2019.
             Slain by an ooze (4 damage)
             ... on level 2 of the Dungeon.
             The game lasted 00:04:34 (3085 turns).

Arang the Stinger (Octopode Venom Mage)             Turns: 3085, Time: 00:04:35

Health: 0/22       AC:  1    Str:  7    XL:     3   Next: 64%
Magic:  6/6        EV: 13    Int: 17    God:
Gold:   106        SH:  0    Dex: 13    Spells: 0/6 levels left

rFire    . . .     SeeInvis .   (no weapon)
rCold    . . .     Gourm    .   (no shield)
rNeg     . . .     Faith    .   (helmet restricted)
rPois    .         Spirit   .   (no amulet)
rElec    .         Reflect  .   (no ring)
rCorr    .         Harm     .   (no ring)
MR       .....                  (no ring)
Stlth    +++.......             (no ring)
HPRegen  0.07/turn              (no ring)
MPRegen  0.10/turn              (no ring)
                                (no ring)
                                (no ring)

@: no status effects
A: almost no armour, stealthy swim, amphibious, 8 rings, constrict 8, camouflage
1, gelatinous body 1
a: no special abilities


You were on level 2 of the Dungeon.
You were very hungry.

You visited 1 branch of the dungeon, and saw 3 of its levels.

You collected 106 gold pieces.

Inventory:

Missiles
 l - 6 poisoned darts (quivered)
 p - 2 javelins
Scrolls
 c - a scroll of enchant armour {unknown}
 d - 2 scrolls of identify {unknown}
 f - a scroll of teleportation {unknown}
 h - a scroll of blinking {unknown}
 j - a scroll of remove curse {unknown}
 k - a scroll of enchant weapon {unknown}
 m - a scroll of immolation {unknown}
 n - a scroll of noise {unknown}
Potions
 a - a potion of degeneration {unknown}
 e - 3 potions of curing {unknown}
 g - a potion of lignification {unknown}
 i - a potion of agility {unknown}
 o - a potion of heal wounds {unknown}
Comestibles
 b - 5 rations


   Skills:
 + Level 0.4 Fighting
 + Level 2.1 Dodging
 + Level 3.2 Stealth
 + Level 0.5 Unarmed Combat
 + Level 2.2 Spellcasting
 - Level 1.0 Conjurations
 * Level 1.0 Air Magic
 + Level 4.4 Poison Magic


You couldn't memorise any spells.
You knew the following spells:

 Your Spells              Type           Power        Failure   Level  Hunger
a - Sting                 Conj/Pois      ##..         6%          1    #......
b - Poisonous Vapours     Pois/Air       ##....       10%         2    ###....
c - Mephitic Cloud        Conj/Pois/Air  #.......     24%         3    ###....

Your spell library contained the following spells:

 Spells                   Type           Power        Failure   Level  Hunger
 Olgreb's Toxic Radiance  Pois           ###.....     30%         4    #####..
 Venom Bolt               Conj/Pois      ##........   86%         5    ######.


Dungeon Overview and Level Annotations

Branches:
Dungeon (3/15)

Altars:
Elyvilon
Okawaru


Innate Abilities, Weirdness & Mutations

You cannot wear most types of armour.
You are very stealthy in the water. (Stealth+)
You are amphibious.
You can wear up to eight rings at the same time.
You can use your tentacles to constrict eight enemies at once.
Your skin changes colour to match your surroundings (Stealth+).
Your rubbery body absorbs attacks. (AC +1, EV +1)


Message History

You constrict the worm.
The ooze quivers.
The worm closely misses you.
You tentacle-slap the worm. You squeeze the worm!
The worm is severely wounded.
You constrict the worm. The ooze hits you.
You tentacle-slap the worm.
The worm is almost dead.
You constrict the worm.
The worm escapes!
The ooze completely misses you.
You tentacle-slap the worm. Your grab misses the worm.
The worm is almost dead.
The worm bites you! The ooze hits you.
* * * LOW HITPOINT WARNING * * *
The ooze closely misses you.
There is a stone staircase leading up here.
The ooze closely misses you.
You climb upwards.
There is a stone staircase leading down here.
The ooze hits you.
You die...

###.# ###..#.#
#.########.. ....#
#....#.#
#........... ....#
#......#
##########.. ....#
#......# #.< ....#
#......# #.# ###.#
#......# ######.#
#.# #####..#
##...##.# ###'####
#######J#
##........
.......####.....@>#
#.........
............#######
#.#...##.#
............#
#.###..).#
.####.......# #.#
#....# .# #.......#
#.# #..... ##
#######.#
##.###..... #.#
#####.......... #.#
#......###..... #.#
#......###.....


You could see an ooze.

Vanquished Creatures
  2 dart slugs
  A giant cockroach (D:2)
  3 goblins
  2 hobgoblins (D:1)
  12 jackals
  3 bats
  2 frilled lizards (D:1)
  6 kobolds
  5 rats
36 creatures vanquished.

Notes
Turn   | Place    | Note
-------+----------+-------------------------------------------
     0 | D:1      | Arang the Octopode Venom Mage began the quest for the Orb.
     0 | D:1      | Reached XP level 1. HP: 11/11 MP: 3/3
   146 | D:1      | Reached skill level 4 in Poison Magic
   224 | D:1      | Reached XP level 2. HP: 10/17 MP: 0/5
   360 | D:1      | Learned a level 2 spell: Poisonous Vapours
  1748 | D:2      | Reached XP level 3. HP: 20/21 MP: 6/6
  2003 | D:2      | Learned a level 3 spell: Mephitic Cloud
  2037 | D:2      | Found a white marble altar of Elyvilon.
  2665 | D:2      | Reached skill level 1 in Air Magic
  3076 | D:3      | Found an iron altar of Okawaru.
  3085 | D:2      | Slain by an ooze

Levels and vault maps discovered:
D:1:      dpeg_arrival_orchard, layout_basic
D:2:      layout_basic, elyvilon_altar_4, minmay_misc_feat_more_columns
D:3:      layout_rooms, lemuel_doored_altar, hellmonk_ghost_happy_afterlife,
          okawaru_metal_pillars_3

Skill      XL: |  1  2  3 |
---------------+----------+-----
Poison Magic   | 4 |  4.4
Stealth        | 3 |  3.2
Air Magic      | 1 |  1.0
Fighting       | |  0.4
Dodging        | |  2.1
Unarmed Combat | |  0.5
Spellcasting   | |  2.2
Conjurations   | |  1.0

Action                   || total
-------------------------++-------
Melee: Unarmed           ||    93
       Constrict         ||    28
       Tentacles         ||    19
 Cast: Sting             ||    12
       Poisonous Vapours ||     4
 Stab: Sleeping          ||     5
  Eat: Chunk             ||     6
Armor: Skin              ||    14
Dodge: Dodged            ||    57

Table legend:
 A = Non-vault XP
 B = Vault XP
 C = Vault XP percentage of total XP
 D = Non-vault monster count
 E = Vault monster count
 F = Vault count percentage of total count
                 A         B        C        D         E       F
            +---------+---------+-------+---------+---------+-------
      Total |      65 |       0 |   0.0 |      36 |       0 |   0.0
            +---------+---------+-------+---------+---------+-------
        D:1 |      32 |       0 |   0.0 |      18 |       0 |   0.0
        D:2 |      33 |       0 |   0.0 |      18 |       0 |   0.0
            +---------+---------+-------+---------+---------+-------
